Wild vs Capitals
Created - 27 mars 2015 at 19:08
Goals
|
| Wild |
0 |
1 |
0 |
1 |
| Capitals |
0 |
4 |
3 |
7 |
|
Shots
|
| Wild |
10 |
14 |
10 |
34 |
| Capitals |
13 |
12 |
19 |
44 |
|
1st period
No Goal
Penalties :
Daniel Briere (Min) for Hooking (Minor) at 15:35
2nd period
1. Capitals , Loui Eriksson 19 (Phil Kessel, Paul Stastny) at 2:17
2. Wild , Chris Drury 29 (Daniel Briere, R.J. Umberger) at 8:57 (PP)
3. Capitals , Ryan Suter 2 (Ryan Getzlaf, Ryane Clowe) at 11:43 (PP)
4. Capitals , Thomas Vanek 42 (Miroslav Satan, Nicklas Backstrom) at 12:26 (PP)
5. Capitals , Thomas Vanek 43 (Nicklas Backstrom, Anton Volchenkov) at 12:38
Penalties :
Thomas Vanek (Was) for Roughing (Minor) at 8:36, R.J. Umberger (Min) for Tripping (Minor) at 10:23, Chris Drury (Min) for Cross-checking (Minor) at 12:06
3rd period
6. Capitals , Ryan Getzlaf 23 (Ryane Clowe, Anton Volchenkov) at 4:01 (PP)
7. Capitals , Paul Stastny 24 (Phil Kessel, Loui Eriksson) at 7:16
8. Capitals , Phil Kessel 25 (Paul Stastny, Thomas Vanek) at 13:29
Penalties :
Niklas Kronwall (Min) for Delaying the game (Minor) at 3:25, Alexei Kovalev (Min) for Hooking (Minor) at 15:42, Fredrik Modin (Min) for High sticking (Minor) at 19:15
Goalie Stats
Martin Brodeur (Min), 37 saves from 44 shots - (0,841), L, 35-26-5, 60:00 minutes
Jaroslav Halak (Was), 33 saves from 34 shots - (0,971), W, 22-24-4, 60:00 minutes
Players Stats for Wild
Player Name G A P +/- PIM S H SB GA TA FO MP PP MP PK MP
------------------------------------------------------------------------------------
Alexei Kovalev 0 0 0 0 2 1 3 1 0 0 0/0 14:31 0:00 0:00
Anson Carter 0 0 0 -1 0 2 0 1 0 0 0/0 7:06 0:00 0:00
Chris Drury 1 0 1 -3 2 5 1 2 0 1 21/35 20:15 0:21 0:47
Cody McLeod 0 0 0 -1 0 3 0 0 0 0 1/1 8:39 0:00 1:08
Daniel Briere 0 1 1 -3 2 2 3 0 1 0 0/0 19:28 0:21 0:00
Fedor Tyutin 0 0 0 -1 0 0 1 3 0 0 0/0 20:36 0:21 0:00
Fredrik Modin 0 0 0 0 2 4 1 0 0 0 0/0 11:54 0:00 0:00
Glen Metropolit 0 0 0 0 0 2 0 0 0 1 8/19 16:43 0:00 4:48
Greg Zanon 0 0 0 0 0 1 1 5 0 2 0/0 16:43 0:00 4:29
Kristopher Letang 0 0 0 -2 0 0 0 2 0 0 0/0 24:25 0:21 0:00
Mark Eaton 0 0 0 -2 0 1 0 2 1 0 0/0 21:29 0:00 4:29
Matt Moulson 0 0 0 0 0 2 2 0 1 0 0/0 14:32 0:00 0:00
Niklas Kronwall 0 0 0 -3 2 1 2 0 1 0 0/0 22:40 0:00 2:29
Pascal Dupuis 0 0 0 0 0 4 2 1 0 0 1/2 16:44 0:00 4:49
R.J. Umberger 0 1 1 -3 2 1 2 0 2 0 0/1 20:04 0:21 1:01
Rich Peverley 0 0 0 -1 0 3 1 1 0 0 1/3 8:29 0:00 1:23
Toni Lydman 0 0 0 0 0 0 0 3 0 0 0/0 14:06 0:00 2:29
Vaclav Prospal 0 0 0 0 0 2 0 0 1 0 3/11 14:32 0:00 0:00
Players Stats for Capitals
Player Name G A P +/- PIM S H SB GA TA FO MP PP MP PK MP
------------------------------------------------------------------------------------
Adam Hall 0 0 0 0 0 2 0 0 0 0 0/1 7:26 0:01 0:00
Ales Hemsky 0 0 0 0 0 2 0 0 2 0 0/0 17:20 3:21 0:00
Anton Volchenkov 0 2 2 2 0 0 0 5 1 0 0/0 29:06 4:37 0:00
Boyd Devereaux 0 0 0 0 0 6 0 0 0 0 1/2 7:22 0:00 0:00
Brent Seabrook 0 0 0 2 0 1 1 2 0 0 0/0 29:06 4:37 0:00
Chris Kunitz 0 0 0 0 0 2 0 1 0 1 2/4 7:43 0:00 0:21
Loui Eriksson 1 1 2 3 0 3 1 0 0 0 0/0 12:29 0:26 0:00
Lukas Krajicek 0 0 0 2 0 0 0 1 0 0 0/0 12:18 0:48 0:00
Mark Giordano 0 0 0 0 0 0 0 0 0 2 0/0 18:36 1:33 0:21
Miroslav Satan 0 1 1 1 0 5 1 0 0 0 0/2 22:40 3:26 0:00
Nicklas Backstrom 0 2 2 1 0 2 1 0 0 2 21/34 22:55 3:20 0:21
Paul Stastny 1 2 3 3 0 2 0 0 1 0 2/5 12:17 0:11 0:00
Phil Kessel 1 2 3 3 0 3 1 1 0 0 0/0 12:03 0:00 0:00
Ryan Getzlaf 1 1 2 0 0 3 1 1 0 0 10/21 17:20 3:21 0:00
Ryan Suter 1 0 1 0 0 7 3 1 0 1 0/0 18:36 1:33 0:21
Ryane Clowe 0 2 2 0 0 0 1 0 0 0 0/1 17:24 3:22 0:00
Thomas Vanek 2 1 3 1 2 5 2 0 0 1 1/2 22:39 3:26 0:00
Tim Gleason 0 0 0 2 0 1 1 1 0 0 0/0 12:18 0:48 0:00
3 Stars
1 - Phil Kessel (Was)
2 - Paul Stastny (Was)
3 - Thomas Vanek (Was)
Power Play
Wild - 1 on 1 Attempt(s) - 100,00%
Capitals - 3 on 6 Attempt(s) - 50,00%
Penalty Kill
Wild - 3 on 6 Attempt(s) - 50,00%
- Score 0 goal in Penalty Kill
Capitals - 0 on 1 Attempt(s) - 0,00%
- Score 0 goal in Penalty Kill
Team Stat
Wild - Hits : 19 - Faceoff Wins : 35 - Blocked Shots : 21 - Penalty Minutes : 12
Capitals - Hits : 13 - Faceoff Wins : 37 - Blocked Shots : 13 - Penalty Minutes : 2
Official
Referees : O'Halloran Dan and LaRue Dennis
Linesman : Mark Shewchyk and David Brisebois
Game Notes
12:26 of 2nd period - Capitals goal is going for a video replay. After video review, Goal.
Finance
Level 1 -- Attendance: 5564 (92,73%) -- Ticket Income 428 428 $
Level 2 -- Attendance: 4665 (93,30%) -- Ticket Income 195 930 $
Level 3 -- Attendance: 2000 (100,00%) -- Ticket Income 54 000 $
Level 4 -- Attendance: 3995 (99,88%) -- Ticket Income 63 920 $
Luxury Box -- Attendance: 983 (98,30%) -- Ticket Income 160 229 $
Game was played at the Verizon Center'
Total Attendance: 17207 (95,59%)
Total Ticket Income: 902 507 $
Other Income: 135 376 $
Total Income: 1 037 883 $
Wild
5 vs 5 Forward
Center Left Wing Right Wing Time % Phy DF OF
1 Chris Drury R.J. Umberger Daniel Briere 40 1 2 2
2 Vaclav Prospal Matt Moulson Alexei Kovalev 30 1 2 2
3 Glen Metropolit Fredrik Modin Pascal Dupuis 20 1 2 2
4 Rich Peverley Cody McLeod Anson Carter 10 1 2 2
5 vs 5 Defense
Defense Defense Time % Phy DF OF
1 Fedor Tyutin Kristopher Letang 40 1 2 2
2 Mark Eaton Niklas Kronwall 30 1 2 2
3 Toni Lydman Greg Zanon 20 1 2 2
4 Kristopher Letang Niklas Kronwall 10 1 2 2
PowerPlay Forward
Center Left Wing Right Wing Time % Phy DF OF
1 Chris Drury R.J. Umberger Daniel Briere 60 1 2 2
2 Vaclav Prospal Matt Moulson Alexei Kovalev 40 1 2 2
PowerPlay Defense
Defense Defense Time % Phy DF OF
1 Fedor Tyutin Kristopher Letang 60 1 2 2
2 Mark Eaton Niklas Kronwall 40 1 2 2
Penalty Kill 4 Players Forward
Center Wing Time % Phy DF OF
1 Glen Metropolit Pascal Dupuis 60 1 2 2
2 Rich Peverley R.J. Umberger 40 1 2 2
Penalty Kill 4 Players Defense
Defense Defense Time % Phy DF OF
1 Greg Zanon Mark Eaton 60 1 2 2
2 Toni Lydman Niklas Kronwall 40 1 2 2
Penalty Kill - 3 Players Forward
Forward Time % Phy DF OF
1 Glen Metropolit 60 1 2 2
2 Pascal Dupuis 40 1 2 2
Penalty Kill - 3 Players Defense
Defense Defense Time % Phy DF OF
1 Greg Zanon Mark Eaton 60 1 2 2
2 Toni Lydman Niklas Kronwall 40 1 2 2
4 vs 4 Forward
Center Wing Time % Phy DF OF
1 Daniel Briere Chris Drury 60 1 2 2
2 Vaclav Prospal R.J. Umberger 40 1 2 2
4 vs 4 Defense
Defense Defense Time % Phy DF OF
1 Fedor Tyutin Kristopher Letang 60 1 2 2
2 Toni Lydman Niklas Kronwall 40 1 2 2
Last Minutes Offensive
Center Left Wing Right Wing Defense Defense
Chris Drury R.J. Umberger Daniel Briere Fedor Tyutin Kristopher Letang
Last Minutes Defensive
Center Left Wing Right Wing Defense Defense
Glen Metropolit Pascal Dupuis Vaclav Prospal Greg Zanon Mark Eaton
Goaltenders
Starting : Martin Brodeur
Backup : Julien Ellis
Extra Forwards
Normal : Chris Drury, Alexei Kovalev, Daniel Briere - PP : Chris Drury, Daniel Briere - PK : Glen Metropolit
Extra Defensemen
Normal : Kristopher Letang, Fedor Tyutin, Niklas Kronwall - PP : Kristopher Letang - PK : Mark Eaton, Greg Zanon
Penalty Shots
Daniel Briere, Chris Drury, Vaclav Prospal, R.J. Umberger, Alexei Kovalev
Capitals
5 vs 5 Forward
Center Left Wing Right Wing Time % Phy DF OF
1 Nicklas Backstrom Thomas Vanek Miroslav Satan 40 1 2 2
2 Ryan Getzlaf Ryane Clowe Ales Hemsky 30 1 2 2
3 Paul Stastny Loui Eriksson Phil Kessel 20 1 2 2
4 Boyd Devereaux Chris Kunitz Adam Hall 10 1 2 2
5 vs 5 Defense
Defense Defense Time % Phy DF OF
1 Brent Seabrook Anton Volchenkov 40 1 2 2
2 Ryan Suter Mark Giordano 30 1 2 2
3 Lukas Krajicek Tim Gleason 20 1 2 2
4 Brent Seabrook Anton Volchenkov 10 1 2 2
PowerPlay Forward
Center Left Wing Right Wing Time % Phy DF OF
1 Nicklas Backstrom Thomas Vanek Miroslav Satan 60 1 2 2
2 Ryan Getzlaf Ryane Clowe Ales Hemsky 40 1 2 2
PowerPlay Defense
Defense Defense Time % Phy DF OF
1 Brent Seabrook Anton Volchenkov 60 1 2 2
2 Ryan Suter Mark Giordano 40 1 2 2
Penalty Kill 4 Players Forward
Center Wing Time % Phy DF OF
1 Thomas Vanek Nicklas Backstrom 60 1 2 2
2 Miroslav Satan Ryan Getzlaf 40 1 2 2
Penalty Kill 4 Players Defense
Defense Defense Time % Phy DF OF
1 Brent Seabrook Anton Volchenkov 60 1 2 2
2 Ryan Suter Mark Giordano 40 1 2 2
Penalty Kill - 3 Players Forward
Forward Time % Phy DF OF
1 Thomas Vanek 60 1 2 2
2 Nicklas Backstrom 40 1 2 2
Penalty Kill - 3 Players Defense
Defense Defense Time % Phy DF OF
1 Brent Seabrook Anton Volchenkov 60 1 2 2
2 Ryan Suter Mark Giordano 40 1 2 2
4 vs 4 Forward
Center Wing Time % Phy DF OF
1 Thomas Vanek Nicklas Backstrom 60 1 2 2
2 Miroslav Satan Ryan Getzlaf 40 1 2 2
4 vs 4 Defense
Defense Defense Time % Phy DF OF
1 Brent Seabrook Anton Volchenkov 60 1 2 2
2 Ryan Suter Mark Giordano 40 1 2 2
Last Minutes Offensive
Center Left Wing Right Wing Defense Defense
Nicklas Backstrom Thomas Vanek Miroslav Satan Brent Seabrook Anton Volchenkov
Last Minutes Defensive
Center Left Wing Right Wing Defense Defense
Nicklas Backstrom Thomas Vanek Miroslav Satan Brent Seabrook Anton Volchenkov
Goaltenders
Starting : Jaroslav Halak
Backup : Tim Thomas
Extra Forwards
Normal : Loui Eriksson, Paul Stastny, Chris Kunitz - PP : Loui Eriksson, Paul Stastny - PK : Chris Kunitz
Extra Defensemen
Normal : Lukas Krajicek, Tim Gleason, Ryan Suter - PP : Lukas Krajicek - PK : Tim Gleason, Ryan Suter
Penalty Shots
Thomas Vanek, Nicklas Backstrom, Miroslav Satan, Ryan Getzlaf, Ryane Clowe
% Time on Ice - Wild
Lines # - Real PCT - Wanted PCT - Time Play
Normal Forward
1 - 36% - 40% - 19:08
2 - 28% - 30% - 14:32
3 - 23% - 20% - 11:55
4 - 13% - 10% - 7:06
Normal Defense
1 - 40% - 40% - 20:52
2 - 29% - 30% - 15:18
3 - 22% - 20% - 11:37
4 - 9% - 10% - 4:54
PP Forward
1 - 100% - 60% - 0:21
2 - 0% - 40% - 0:00
PP Defense
1 - 100% - 60% - 0:21
2 - 0% - 40% - 0:00
PK Forward
1 - 80% - 60% - 5:35
2 - 20% - 40% - 1:23
PK Defense
1 - 64% - 60% - 4:29
2 - 36% - 40% - 2:29
PK3 Forward
1 - 0% - 60%
2 - 0% - 40%
PK3 Defense
1 - 0% - 60%
2 - 0% - 40%
44 Forward
1 - 0% - 60%
2 - 0% - 40%
44 Defense
1 - 0% - 60%
2 - 0% - 40%
Last Minute Offensive - 0:00
Last Minute Defensive - 0:00
Total
Forward - 60:00
Defense - 60:00
|
% Time on Ice - Capitals
Lines # - Real PCT - Wanted PCT - Time Play
Normal Forward
1 - 37% - 40% - 19:14
2 - 27% - 30% - 14:02
3 - 23% - 20% - 12:03
4 - 14% - 10% - 7:22
Normal Defense
1 - 40% - 40% - 20:49
2 - 32% - 30% - 16:42
3 - 22% - 20% - 11:30
4 - 7% - 10% - 3:40
PP Forward
1 - 52% - 60% - 3:36
2 - 48% - 40% - 3:22
PP Defense
1 - 78% - 60% - 5:25
2 - 22% - 40% - 1:33
PK Forward
1 - 100% - 60% - 0:21
2 - 0% - 40% - 0:00
PK Defense
1 - 0% - 60% - 0:00
2 - 100% - 40% - 0:21
PK3 Forward
1 - 0% - 60%
2 - 0% - 40%
PK3 Defense
1 - 0% - 60%
2 - 0% - 40%
44 Forward
1 - 0% - 60%
2 - 0% - 40%
44 Defense
1 - 0% - 60%
2 - 0% - 40%
Last Minute Offensive - 0:00
Last Minute Defensive - 0:00
Total
Forward - 60:00
Defense - 60:00
|
Play by Play
1st period
0:01 of 1st period - Chris Drury wins face-off versus Nicklas Backstrom in neutral zone.
0:27 of 1st period - Kristopher Letang is hit by Ryane Clowe and loses puck.
0:32 of 1st period - Wrist shot by Ryane Clowe.
0:32 of 1st period - Deflect By Kristopher Letang.
0:32 of 1st period - Shot Blocked by Fedor Tyutin.
0:32 of 1st period - Puck is out of play.
0:33 of 1st period - Glen Metropolit wins face-off versus Ryane Clowe in Wild zone.
1:28 of 1st period - Slapshot by Ryan Suter.
1:28 of 1st period - Stopped by Martin Brodeur with a rebound.
1:30 of 1st period - Snap shot by Ryan Suter.
1:30 of 1st period - Stopped by Martin Brodeur with a rebound.
1:32 of 1st period - Slapshot by Ryan Suter.
1:32 of 1st period - Shot Blocked by Toni Lydman.
1:34 of 1st period - Wrist shot by Mark Giordano.
1:34 of 1st period - Shot Misses the Net.
1:46 of 1st period - R.J. Umberger is hit by Nicklas Backstrom and loses puck.
1:51 of 1st period - Wrist shot by Nicklas Backstrom.
1:51 of 1st period - Shot Blocked by Greg Zanon.
1:53 of 1st period - Slapshot by Lukas Krajicek.
1:53 of 1st period - Shot Blocked by Toni Lydman.
2:07 of 1st period - Wrist shot by Fredrik Modin.
2:07 of 1st period - Shot Blocked by Tim Gleason.
2:13 of 1st period - Wrist shot by Pascal Dupuis.
2:13 of 1st period - Stopped by Jaroslav Halak without a rebound.
2:14 of 1st period - Nicklas Backstrom wins face-off versus Vaclav Prospal in Capitals zone.
2:49 of 1st period - Wrist shot by Ales Hemsky.
2:49 of 1st period - Stopped by Martin Brodeur with a rebound.
3:27 of 1st period - Snap shot by Glen Metropolit.
3:27 of 1st period - Stopped by Jaroslav Halak with a rebound.
3:29 of 1st period - Slapshot by Mark Eaton.
3:29 of 1st period - Shot Misses the Net.
4:10 of 1st period - Slapshot by Matt Moulson.
4:10 of 1st period - Stopped by Jaroslav Halak with a rebound.
4:12 of 1st period - Snap shot by Vaclav Prospal.
4:12 of 1st period - Shot Misses the Net.
4:18 of 1st period - Snap shot by Vaclav Prospal.
4:18 of 1st period - Stopped by Jaroslav Halak without a rebound.
4:19 of 1st period - Chris Drury wins face-off versus Ryan Getzlaf in Capitals zone.
4:55 of 1st period - Phil Kessel is hit by Fedor Tyutin.
6:04 of 1st period - Slapshot by Phil Kessel.
6:04 of 1st period - Stopped by Martin Brodeur with a rebound.
6:22 of 1st period - Wrist shot by Boyd Devereaux.
6:22 of 1st period - Shot Blocked by Chris Drury.
6:24 of 1st period - Slapshot by Boyd Devereaux.
6:24 of 1st period - Stopped by Martin Brodeur without a rebound.
6:25 of 1st period - Chris Drury wins face-off versus Adam Hall in Wild zone.
6:38 of 1st period - Slapshot by R.J. Umberger.
6:38 of 1st period - Stopped by Jaroslav Halak without a rebound.
6:39 of 1st period - Chris Drury wins face-off versus Nicklas Backstrom in Capitals zone.
6:48 of 1st period - Wrist shot by Miroslav Satan.
6:48 of 1st period - Stopped by Martin Brodeur without a rebound.
6:49 of 1st period - Nicklas Backstrom wins face-off versus Chris Drury in Wild zone.
6:52 of 1st period - Wrist shot by Miroslav Satan.
6:52 of 1st period - Stopped by Martin Brodeur without a rebound.
6:53 of 1st period - Chris Drury wins face-off versus Nicklas Backstrom in Wild zone.
7:02 of 1st period - Snap shot by Chris Drury.
7:02 of 1st period - Stopped by Jaroslav Halak with a rebound.
7:24 of 1st period - Slapshot by Chris Drury.
7:24 of 1st period - Shot Blocked by Brent Seabrook.
7:36 of 1st period - Snap shot by Nicklas Backstrom.
7:36 of 1st period - Shot Misses the Net.
7:44 of 1st period - Snap shot by Nicklas Backstrom.
7:44 of 1st period - Shot Misses the Net.
7:46 of 1st period - Wrist shot by Miroslav Satan.
7:46 of 1st period - Deflect By Nicklas Backstrom.
7:46 of 1st period - Shot Blocked by Chris Drury.
7:46 of 1st period - Puck is out of play.
7:47 of 1st period - Ryan Getzlaf wins face-off versus Vaclav Prospal in Wild zone.
8:12 of 1st period - Greg Zanon is hit by Loui Eriksson and loses puck.
8:19 of 1st period - Snap shot by Paul Stastny.
8:19 of 1st period - Deflect By Phil Kessel.
8:19 of 1st period - Shot Misses the Net.
8:19 of 1st period - Puck is out of play.
8:20 of 1st period - Vaclav Prospal wins face-off versus Paul Stastny in Wild zone.
8:25 of 1st period - Fedor Tyutin is hit by Phil Kessel and loses puck.
9:03 of 1st period - Icing by Fedor Tyutin.
9:04 of 1st period - Glen Metropolit wins face-off versus Nicklas Backstrom in Wild zone.
9:04 of 1st period - Glen Metropolit is hit by Miroslav Satan.
9:12 of 1st period - Slapshot by Chris Drury.
9:12 of 1st period - Shot Misses the Net.
9:37 of 1st period - Snap shot by Anson Carter.
9:37 of 1st period - Stopped by Jaroslav Halak without a rebound.
9:38 of 1st period - Ryan Getzlaf wins face-off versus Rich Peverley in Capitals zone.
10:03 of 1st period - Wrist shot by Vaclav Prospal.
10:03 of 1st period - Shot Misses the Net.
10:36 of 1st period - Wrist shot by Chris Drury.
10:36 of 1st period - Stopped by Jaroslav Halak without a rebound.
10:37 of 1st period - Ryan Getzlaf wins face-off versus Pascal Dupuis in Capitals zone.
11:33 of 1st period - Snap shot by Boyd Devereaux.
11:33 of 1st period - Shot Blocked by Fedor Tyutin.
11:51 of 1st period - Slapshot by Rich Peverley.
11:51 of 1st period - Stopped by Jaroslav Halak with a rebound.
11:59 of 1st period - Snap shot by Cody McLeod.
11:59 of 1st period - Stopped by Jaroslav Halak with a rebound.
13:24 of 1st period - Snap shot by Chris Kunitz.
13:24 of 1st period - Deflect By Boyd Devereaux.
13:24 of 1st period - Stopped by Martin Brodeur with a rebound.
13:26 of 1st period - Slapshot by Tim Gleason.
13:26 of 1st period - Stopped by Martin Brodeur without a rebound.
13:27 of 1st period - Chris Drury wins face-off versus Nicklas Backstrom in Wild zone.
13:46 of 1st period - Anton Volchenkov is hit by Chris Drury and loses puck.
14:43 of 1st period - Snap shot by Ryan Getzlaf.
14:43 of 1st period - Shot Misses the Net.
15:24 of 1st period - Slapshot by Boyd Devereaux.
15:24 of 1st period - Deflect By Toni Lydman.
15:24 of 1st period - Stopped by Martin Brodeur without a rebound.
15:25 of 1st period - Boyd Devereaux wins face-off versus Glen Metropolit in Wild zone.
15:32 of 1st period - Snap shot by Boyd Devereaux.
15:32 of 1st period - Stopped by Martin Brodeur without a rebound.
15:33 of 1st period - Chris Drury wins face-off versus Ryan Getzlaf in Wild zone.
15:35 of 1st period - Minor Penalty to Daniel Briere for Hooking.
15:36 of 1st period - Glen Metropolit wins face-off versus Nicklas Backstrom in Wild zone.
15:44 of 1st period - Snap shot by Miroslav Satan.
15:44 of 1st period - Shot Blocked by Greg Zanon.
16:05 of 1st period - Off-side.
16:06 of 1st period - Ryan Getzlaf wins face-off versus Glen Metropolit in neutral zone.
16:53 of 1st period - Wrist shot by Ryan Getzlaf.
16:53 of 1st period - Deflect By Toni Lydman.
16:53 of 1st period - Stopped by Martin Brodeur with a rebound.
16:55 of 1st period - Snap shot by Ryan Getzlaf.
16:55 of 1st period - Shot Misses the Net.
16:57 of 1st period - Slapshot by Ryane Clowe.
16:57 of 1st period - Shot Misses the Net.
17:11 of 1st period - Glen Metropolit is hit by Ryan Getzlaf and loses puck.
17:35 of 1st period - Penalty to Daniel Briere is over, Daniel Briere is back on ice.
17:59 of 1st period - Snap shot by Ryan Getzlaf.
17:59 of 1st period - Deflect By Ales Hemsky.
17:59 of 1st period - Shot Blocked by Greg Zanon.
17:59 of 1st period - Puck is out of play.
18:00 of 1st period - Nicklas Backstrom wins face-off versus Vaclav Prospal in Wild zone.
18:01 of 1st period - Snap shot by Thomas Vanek.
18:01 of 1st period - Shot Misses the Net.
18:03 of 1st period - Slapshot by Ryan Suter.
18:03 of 1st period - Stopped by Martin Brodeur with a rebound.
18:05 of 1st period - Wrist shot by Miroslav Satan.
18:05 of 1st period - Shot Blocked by Alexei Kovalev.
18:27 of 1st period - Ryan Suter is hit by Daniel Briere.
18:35 of 1st period - Wrist shot by Loui Eriksson.
18:35 of 1st period - Deflect By Phil Kessel.
18:35 of 1st period - Shot Blocked by Kristopher Letang.
18:35 of 1st period - Puck is out of play.
18:36 of 1st period - Nicklas Backstrom wins face-off versus Glen Metropolit in Wild zone.
19:42 of 1st period - Kristopher Letang is hit by Ryan Suter and loses puck.
Goals for this period are 0 for Wild vs 0 for Capitals.
Shots for this period are 10 for Wild vs 13 for Capitals.
2nd period
0:01 of 2nd period - Chris Drury wins face-off versus Ryan Getzlaf in neutral zone.
0:35 of 2nd period - Snap shot by Vaclav Prospal.
0:35 of 2nd period - Shot Misses the Net.
0:37 of 2nd period - Slapshot by Vaclav Prospal.
0:37 of 2nd period - Shot Misses the Net.
0:41 of 2nd period - Wrist shot by Vaclav Prospal.
0:41 of 2nd period - Shot Blocked by Anton Volchenkov.
0:57 of 2nd period - Snap shot by Nicklas Backstrom.
0:57 of 2nd period - Deflect By Miroslav Satan.
0:57 of 2nd period - Shot Misses the Net.
0:57 of 2nd period - Puck is out of play.
0:58 of 2nd period - Ryan Getzlaf wins face-off versus Glen Metropolit in Wild zone.
1:11 of 2nd period - Snap shot by Ryan Getzlaf.
1:11 of 2nd period - Shot Blocked by Toni Lydman.
1:23 of 2nd period - Slapshot by Pascal Dupuis.
1:23 of 2nd period - Shot Blocked by Phil Kessel.
1:25 of 2nd period - Slapshot by Fredrik Modin.
1:25 of 2nd period - Shot Misses the Net.
1:27 of 2nd period - Snap shot by Pascal Dupuis.
1:27 of 2nd period - Stopped by Jaroslav Halak without a rebound.
1:28 of 2nd period - Chris Drury wins face-off versus Ryan Getzlaf in Capitals zone.
2:15 of 2nd period - Snap shot by Phil Kessel.
2:15 of 2nd period - Shot Misses the Net.
2:17 of 2nd period - Snap shot by Loui Eriksson.
2:17 of 2nd period - Goal by Loui Eriksson - Wild : 0 - Capitals : 1.
2:18 of 2nd period - Chris Drury wins face-off versus Ryan Getzlaf in neutral zone.
2:54 of 2nd period - Snap shot by Matt Moulson.
2:54 of 2nd period - Shot Misses the Net.
3:14 of 2nd period - Slapshot by Fredrik Modin.
3:14 of 2nd period - Shot Hit the Post.
3:16 of 2nd period - Slapshot by Mark Eaton.
3:16 of 2nd period - Shot Misses the Net.
3:18 of 2nd period - Snap shot by Glen Metropolit.
3:18 of 2nd period - Shot Blocked by Anton Volchenkov.
3:47 of 2nd period - Slapshot by Ryan Getzlaf.
3:47 of 2nd period - Shot Misses the Net.
4:12 of 2nd period - Off-side.
4:13 of 2nd period - Chris Kunitz wins face-off versus Vaclav Prospal in neutral zone.
4:18 of 2nd period - Snap shot by Boyd Devereaux.
4:18 of 2nd period - Stopped by Martin Brodeur with a rebound.
4:24 of 2nd period - Snap shot by Chris Kunitz.
4:24 of 2nd period - Stopped by Martin Brodeur without a rebound.
4:25 of 2nd period - Chris Drury wins face-off versus Nicklas Backstrom in Wild zone.
4:25 of 2nd period - Chris Drury is hit by Thomas Vanek.
4:37 of 2nd period - Slapshot by Nicklas Backstrom.
4:37 of 2nd period - Stopped by Martin Brodeur without a rebound.
4:38 of 2nd period - Ryan Getzlaf wins face-off versus Chris Drury in Wild zone.
4:43 of 2nd period - Snap shot by Ryan Getzlaf.
4:43 of 2nd period - Shot Misses the Net.
4:47 of 2nd period - Wrist shot by Ryan Getzlaf.
4:47 of 2nd period - Shot Misses the Net.
4:49 of 2nd period - Slapshot by Ryan Suter.
4:49 of 2nd period - Stopped by Martin Brodeur without a rebound.
4:50 of 2nd period - Chris Drury wins face-off versus Thomas Vanek in Wild zone.
5:01 of 2nd period - Slapshot by Nicklas Backstrom.
5:01 of 2nd period - Shot Misses the Net.
5:03 of 2nd period - Snap shot by Miroslav Satan.
5:03 of 2nd period - Stopped by Martin Brodeur without a rebound.
5:04 of 2nd period - Chris Drury wins face-off versus Ryan Getzlaf in Wild zone.
5:17 of 2nd period - Backhand shot by Ales Hemsky.
5:17 of 2nd period - Stopped by Martin Brodeur without a rebound.
5:18 of 2nd period - Nicklas Backstrom wins face-off versus Vaclav Prospal in Wild zone.
5:19 of 2nd period - Slapshot by Thomas Vanek.
5:19 of 2nd period - Shot Misses the Net.
5:34 of 2nd period - Snap shot by Vaclav Prospal.
5:34 of 2nd period - Shot Blocked by Anton Volchenkov.
6:07 of 2nd period - Wrist shot by Loui Eriksson.
6:07 of 2nd period - Stopped by Martin Brodeur with a rebound.
7:15 of 2nd period - Snap shot by Chris Drury.
7:15 of 2nd period - Stopped by Jaroslav Halak with a rebound.
7:17 of 2nd period - Snap shot by Daniel Briere.
7:17 of 2nd period - Shot Blocked by Anton Volchenkov.
7:19 of 2nd period - Slapshot by Mark Eaton.
7:19 of 2nd period - Stopped by Jaroslav Halak with a rebound.
7:21 of 2nd period - Slapshot by Mark Eaton.
7:21 of 2nd period - Shot Misses the Net.
7:47 of 2nd period - Icing by Ryan Getzlaf.
7:48 of 2nd period - Rich Peverley wins face-off versus Ryan Getzlaf in Capitals zone.
7:51 of 2nd period - Wrist shot by Anson Carter.
7:51 of 2nd period - Stopped by Jaroslav Halak without a rebound.
7:52 of 2nd period - Chris Drury wins face-off versus Ryan Getzlaf in Capitals zone.
8:19 of 2nd period - Greg Zanon is hit by Thomas Vanek and loses puck.
8:36 of 2nd period - Minor Penalty to Thomas Vanek for Roughing.
8:37 of 2nd period - Chris Drury wins face-off versus Chris Kunitz in Capitals zone.
8:38 of 2nd period - Snap shot by Daniel Briere.
8:38 of 2nd period - Stopped by Jaroslav Halak without a rebound.
8:39 of 2nd period - Chris Kunitz wins face-off versus Chris Drury in Capitals zone.
8:47 of 2nd period - Icing by Fedor Tyutin.
8:48 of 2nd period - Chris Drury wins face-off versus Chris Kunitz in Wild zone.
8:57 of 2nd period - Snap shot by Chris Drury.
8:57 of 2nd period - Goal by Chris Drury - Wild : 1 - Capitals : 1.
8:58 of 2nd period - Nicklas Backstrom wins face-off versus Chris Drury in neutral zone.
9:02 of 2nd period - Brent Seabrook is hit by R.J. Umberger and loses puck.
9:35 of 2nd period - Wrist shot by Alexei Kovalev.
9:35 of 2nd period - Stopped by Jaroslav Halak with a rebound.
9:42 of 2nd period - Icing by Paul Stastny.
9:43 of 2nd period - Glen Metropolit wins face-off versus Ryan Getzlaf in Capitals zone.
10:08 of 2nd period - Ryane Clowe is hit by Alexei Kovalev and loses puck.
10:15 of 2nd period - Slapshot by Alexei Kovalev.
10:15 of 2nd period - Deflect By Matt Moulson.
10:15 of 2nd period - Stopped by Jaroslav Halak without a rebound.
10:16 of 2nd period - Nicklas Backstrom wins face-off versus Chris Drury in Capitals zone.
10:16 of 2nd period - Nicklas Backstrom is hit by Niklas Kronwall.
10:23 of 2nd period - Minor Penalty to R.J. Umberger for Tripping.
10:24 of 2nd period - Glen Metropolit wins face-off versus Nicklas Backstrom in Wild zone.
10:32 of 2nd period - Snap shot by Pascal Dupuis.
10:32 of 2nd period - Stopped by Jaroslav Halak without a rebound.
10:33 of 2nd period - Nicklas Backstrom wins face-off versus Glen Metropolit in Capitals zone.
11:25 of 2nd period - Slapshot by Brent Seabrook.
11:25 of 2nd period - Shot Misses the Net.
11:27 of 2nd period - Snap shot by Ryan Getzlaf.
11:27 of 2nd period - Stopped by Martin Brodeur without a rebound.
11:28 of 2nd period - Cody McLeod wins face-off versus Ryan Getzlaf in Wild zone.
11:39 of 2nd period - Slapshot by Ryan Getzlaf.
11:39 of 2nd period - Shot Misses the Net.
11:41 of 2nd period - Wrist shot by Ryan Getzlaf.
11:41 of 2nd period - Shot Misses the Net.
11:43 of 2nd period - Snap shot by Ryan Suter.
11:43 of 2nd period - Goal by Ryan Suter - Wild : 1 - Capitals : 2.
11:44 of 2nd period - Nicklas Backstrom wins face-off versus Chris Drury in neutral zone.
12:06 of 2nd period - Minor Penalty to Chris Drury for Cross-checking.
12:07 of 2nd period - Nicklas Backstrom wins face-off versus Glen Metropolit in Wild zone.
12:10 of 2nd period - Wrist shot by Miroslav Satan.
12:10 of 2nd period - Deflect By Nicklas Backstrom.
12:10 of 2nd period - Shot Misses the Net.
12:10 of 2nd period - Puck is out of play.
12:11 of 2nd period - Glen Metropolit wins face-off versus Miroslav Satan in Wild zone.
12:22 of 2nd period - Wrist shot by Nicklas Backstrom.
12:22 of 2nd period - Shot Misses the Net.
12:24 of 2nd period - Snap shot by Miroslav Satan.
12:24 of 2nd period - Shot Blocked by Mark Eaton.
12:26 of 2nd period - Slapshot by Thomas Vanek.
12:26 of 2nd period - Capitals goal is going for a video replay.
12:26 of 2nd period - The goal is good.
12:26 of 2nd period - Goal by Thomas Vanek - Wild : 1 - Capitals : 3.
12:27 of 2nd period - Thomas Vanek wins face-off versus Chris Drury in neutral zone.
12:38 of 2nd period - Snap shot by Thomas Vanek.
12:38 of 2nd period - Goal by Thomas Vanek - Wild : 1 - Capitals : 4.
12:39 of 2nd period - Chris Drury wins face-off versus Nicklas Backstrom in neutral zone.
13:21 of 2nd period - Snap shot by Chris Drury.
13:21 of 2nd period - Shot Misses the Net.
13:33 of 2nd period - Slapshot by Brent Seabrook.
13:33 of 2nd period - Shot Misses the Net.
14:08 of 2nd period - Icing by Ryan Suter.
14:09 of 2nd period - Nicklas Backstrom wins face-off versus Vaclav Prospal in Capitals zone.
14:29 of 2nd period - Slapshot by Vaclav Prospal.
14:29 of 2nd period - Stopped by Jaroslav Halak with a rebound.
14:31 of 2nd period - Slapshot by Kristopher Letang.
14:31 of 2nd period - Deflect By Alexei Kovalev.
14:31 of 2nd period - Shot Misses the Net.
14:31 of 2nd period - Puck is out of play.
14:32 of 2nd period - Pascal Dupuis wins face-off versus Ryan Getzlaf in Capitals zone.
14:57 of 2nd period - Lukas Krajicek is hit by Greg Zanon and loses puck.
15:07 of 2nd period - Slapshot by Rich Peverley.
15:07 of 2nd period - Stopped by Jaroslav Halak with a rebound.
15:56 of 2nd period - Brent Seabrook is hit by Niklas Kronwall and loses puck.
16:22 of 2nd period - Glen Metropolit is hit by Brent Seabrook and loses puck.
16:29 of 2nd period - Slapshot by Thomas Vanek.
16:29 of 2nd period - Shot Misses the Net.
16:41 of 2nd period - Slapshot by Anton Volchenkov.
16:41 of 2nd period - Shot Blocked by Rich Peverley.
16:43 of 2nd period - Slapshot by Anton Volchenkov.
16:43 of 2nd period - Shot Blocked by Anson Carter.
16:50 of 2nd period - Icing by Kristopher Letang.
16:51 of 2nd period - Ryan Getzlaf wins face-off versus Rich Peverley in Wild zone.
17:30 of 2nd period - Snap shot by Chris Drury.
17:30 of 2nd period - Stopped by Jaroslav Halak with a rebound.
17:48 of 2nd period - Icing by Paul Stastny.
17:49 of 2nd period - Paul Stastny wins face-off versus Vaclav Prospal in Capitals zone.
17:49 of 2nd period - Paul Stastny is hit by Matt Moulson.
18:01 of 2nd period - Tim Gleason is hit by Alexei Kovalev and loses puck.
18:26 of 2nd period - Snap shot by Fredrik Modin.
18:26 of 2nd period - Shot Misses the Net.
18:28 of 2nd period - Slapshot by Greg Zanon.
18:28 of 2nd period - Stopped by Jaroslav Halak without a rebound.
18:29 of 2nd period - Nicklas Backstrom wins face-off versus Chris Drury in Capitals zone.
18:35 of 2nd period - Off-side.
18:36 of 2nd period - Nicklas Backstrom wins face-off versus Chris Drury in neutral zone.
19:24 of 2nd period - Off-side.
19:25 of 2nd period - Paul Stastny wins face-off versus Glen Metropolit in neutral zone.
19:25 of 2nd period - Paul Stastny is hit by Pascal Dupuis.
19:37 of 2nd period - Snap shot by Glen Metropolit.
19:37 of 2nd period - Shot Misses the Net.
19:39 of 2nd period - Slapshot by Pascal Dupuis.
19:39 of 2nd period - Shot Blocked by Ryan Suter.
19:47 of 2nd period - Slapshot by Fredrik Modin.
19:47 of 2nd period - Stopped by Jaroslav Halak without a rebound.
19:48 of 2nd period - Nicklas Backstrom wins face-off versus Chris Drury in Capitals zone.
19:48 of 2nd period - Nicklas Backstrom is hit by Daniel Briere.
Goals for this period are 1 for Wild vs 4 for Capitals.
Shots for this period are 14 for Wild vs 12 for Capitals.
3rd period
0:01 of 3rd period - Nicklas Backstrom wins face-off versus R.J. Umberger in neutral zone.
0:32 of 3rd period - Wrist shot by Fredrik Modin.
0:32 of 3rd period - Shot Hit the Post.
0:34 of 3rd period - Slapshot by Pascal Dupuis.
0:34 of 3rd period - Shot Blocked by Brent Seabrook.
0:36 of 3rd period - Slapshot by Niklas Kronwall.
0:36 of 3rd period - Shot Misses the Net.
0:38 of 3rd period - Slapshot by Mark Eaton.
0:38 of 3rd period - Shot Misses the Net.
1:35 of 3rd period - Slapshot by Daniel Briere.
1:35 of 3rd period - Stopped by Jaroslav Halak without a rebound.
1:36 of 3rd period - Ryan Getzlaf wins face-off versus Chris Drury in Capitals zone.
2:22 of 3rd period - Ryane Clowe is hit by Fredrik Modin and loses puck.
3:01 of 3rd period - Snap shot by Paul Stastny.
3:01 of 3rd period - Stopped by Martin Brodeur without a rebound.
3:02 of 3rd period - Chris Drury wins face-off versus Paul Stastny in Wild zone.
3:07 of 3rd period - Slapshot by Niklas Kronwall.
3:07 of 3rd period - Shot Blocked by Anton Volchenkov.
3:17 of 3rd period - Wrist shot by Paul Stastny.
3:17 of 3rd period - Shot Misses the Net.
3:25 of 3rd period - Minor Penalty to Niklas Kronwall for Delaying the game.
3:26 of 3rd period - Nicklas Backstrom wins face-off versus Glen Metropolit in Wild zone.
3:29 of 3rd period - Wrist shot by Miroslav Satan.
3:29 of 3rd period - Stopped by Martin Brodeur without a rebound.
3:30 of 3rd period - Nicklas Backstrom wins face-off versus Glen Metropolit in Wild zone.
3:43 of 3rd period - Snap shot by Nicklas Backstrom.
3:43 of 3rd period - Stopped by Martin Brodeur with a rebound.
3:45 of 3rd period - Slapshot by Brent Seabrook.
3:45 of 3rd period - Stopped by Martin Brodeur with a rebound.
4:01 of 3rd period - Snap shot by Ryan Getzlaf.
4:01 of 3rd period - Goal by Ryan Getzlaf - Wild : 1 - Capitals : 5.
4:02 of 3rd period - Nicklas Backstrom wins face-off versus Chris Drury in neutral zone.
4:09 of 3rd period - Slapshot by Miroslav Satan.
4:09 of 3rd period - Stopped by Martin Brodeur with a rebound.
4:11 of 3rd period - Slapshot by Ryan Suter.
4:11 of 3rd period - Stopped by Martin Brodeur without a rebound.
4:12 of 3rd period - Chris Drury wins face-off versus Nicklas Backstrom in Wild zone.
4:17 of 3rd period - Backhand shot by Thomas Vanek.
4:17 of 3rd period - Stopped by Martin Brodeur with a rebound.
4:19 of 3rd period - Snap shot by Thomas Vanek.
4:19 of 3rd period - Stopped by Martin Brodeur without a rebound.
4:20 of 3rd period - Nicklas Backstrom wins face-off versus Vaclav Prospal in Wild zone.
4:59 of 3rd period - Icing by Paul Stastny.
5:00 of 3rd period - Glen Metropolit wins face-off versus Paul Stastny in Capitals zone.
5:07 of 3rd period - Snap shot by Pascal Dupuis.
5:07 of 3rd period - Stopped by Jaroslav Halak with a rebound.
5:09 of 3rd period - Snap shot by Fredrik Modin.
5:09 of 3rd period - Stopped by Jaroslav Halak with a rebound.
5:11 of 3rd period - Wrist shot by Fredrik Modin.
5:11 of 3rd period - Stopped by Jaroslav Halak without a rebound.
5:12 of 3rd period - Chris Drury wins face-off versus Nicklas Backstrom in Capitals zone.
5:21 of 3rd period - Ryan Suter is hit by R.J. Umberger and loses puck.
5:38 of 3rd period - Kristopher Letang is hit by Ryan Suter and loses puck.
6:05 of 3rd period - Brent Seabrook is hit by Pascal Dupuis and loses puck.
6:26 of 3rd period - Slapshot by Cody McLeod.
6:26 of 3rd period - Stopped by Jaroslav Halak with a rebound.
6:28 of 3rd period - Slapshot by Anson Carter.
6:28 of 3rd period - Shot Blocked by Chris Kunitz.
6:30 of 3rd period - Snap shot by Niklas Kronwall.
6:30 of 3rd period - Deflect By Cody McLeod.
6:30 of 3rd period - Stopped by Jaroslav Halak with a rebound.
6:32 of 3rd period - Slapshot by Niklas Kronwall.
6:32 of 3rd period - Stopped by Jaroslav Halak with a rebound.
7:08 of 3rd period - Slapshot by Loui Eriksson.
7:08 of 3rd period - Shot Misses the Net.
7:14 of 3rd period - Slapshot by Phil Kessel.
7:14 of 3rd period - Shot Misses the Net.
7:16 of 3rd period - Snap shot by Paul Stastny.
7:16 of 3rd period - Goal by Paul Stastny - Wild : 1 - Capitals : 6.
7:17 of 3rd period - Vaclav Prospal wins face-off versus Nicklas Backstrom in neutral zone.
8:07 of 3rd period - Snap shot by Rich Peverley.
8:07 of 3rd period - Shot Blocked by Lukas Krajicek.
8:17 of 3rd period - Snap shot by Rich Peverley.
8:17 of 3rd period - Stopped by Jaroslav Halak with a rebound.
8:19 of 3rd period - Wrist shot by Rich Peverley.
8:19 of 3rd period - Shot Blocked by Ryan Getzlaf.
8:29 of 3rd period - Kristopher Letang is hit by Tim Gleason and loses puck.
8:40 of 3rd period - Wrist shot by Chris Kunitz.
8:40 of 3rd period - Shot Blocked by Pascal Dupuis.
8:42 of 3rd period - Slapshot by Chris Kunitz.
8:42 of 3rd period - Deflect By Adam Hall.
8:42 of 3rd period - Stopped by Martin Brodeur with a rebound.
8:56 of 3rd period - Snap shot by Phil Kessel.
8:56 of 3rd period - Shot Misses the Net.
8:58 of 3rd period - Slapshot by Paul Stastny.
8:58 of 3rd period - Shot Blocked by Kristopher Letang.
9:00 of 3rd period - Slapshot by Ryan Suter.
9:00 of 3rd period - Shot Blocked by Fedor Tyutin.
9:02 of 3rd period - Snap shot by Phil Kessel.
9:02 of 3rd period - Deflect By Loui Eriksson.
9:02 of 3rd period - Stopped by Martin Brodeur with a rebound.
9:04 of 3rd period - Snap shot by Phil Kessel.
9:04 of 3rd period - Stopped by Martin Brodeur with a rebound.
9:06 of 3rd period - Slapshot by Ryan Suter.
9:06 of 3rd period - Stopped by Martin Brodeur without a rebound.
9:07 of 3rd period - Vaclav Prospal wins face-off versus Nicklas Backstrom in Wild zone.
9:21 of 3rd period - Off-side.
9:22 of 3rd period - Ryan Getzlaf wins face-off versus Chris Drury in neutral zone.
10:16 of 3rd period - Snap shot by Boyd Devereaux.
10:16 of 3rd period - Stopped by Martin Brodeur with a rebound.
10:20 of 3rd period - Snap shot by Boyd Devereaux.
10:20 of 3rd period - Shot Misses the Net.
10:22 of 3rd period - Slapshot by Adam Hall.
10:22 of 3rd period - Stopped by Martin Brodeur with a rebound.
10:24 of 3rd period - Wrist shot by Boyd Devereaux.
10:24 of 3rd period - Shot Blocked by Greg Zanon.
10:26 of 3rd period - Snap shot by Lukas Krajicek.
10:26 of 3rd period - Shot Blocked by Greg Zanon.
10:40 of 3rd period - Backhand shot by Fredrik Modin.
10:40 of 3rd period - Stopped by Jaroslav Halak with a rebound.
10:42 of 3rd period - Snap shot by Pascal Dupuis.
10:42 of 3rd period - Shot Misses the Net.
10:44 of 3rd period - Slapshot by Greg Zanon.
10:44 of 3rd period - Shot Misses the Net.
11:06 of 3rd period - Snap shot by Ryane Clowe.
11:06 of 3rd period - Shot Misses the Net.
11:08 of 3rd period - Snap shot by Ryan Getzlaf.
11:08 of 3rd period - Shot Misses the Net.
11:10 of 3rd period - Wrist shot by Ales Hemsky.
11:10 of 3rd period - Shot Misses the Net.
11:27 of 3rd period - Niklas Kronwall is hit by Ryan Suter and loses puck.
11:49 of 3rd period - Slapshot by Thomas Vanek.
11:49 of 3rd period - Stopped by Martin Brodeur with a rebound.
11:51 of 3rd period - Snap shot by Anton Volchenkov.
11:51 of 3rd period - Shot Misses the Net.
12:56 of 3rd period - Wrist shot by Chris Kunitz.
12:56 of 3rd period - Stopped by Martin Brodeur with a rebound.
13:29 of 3rd period - Wrist shot by Phil Kessel.
13:29 of 3rd period - Goal by Phil Kessel - Wild : 1 - Capitals : 7.
13:30 of 3rd period - Nicklas Backstrom wins face-off versus Chris Drury in neutral zone.
15:05 of 3rd period - Miroslav Satan is hit by Daniel Briere and loses puck.
15:27 of 3rd period - Ryan Suter is hit by Alexei Kovalev.
15:42 of 3rd period - Minor Penalty to Alexei Kovalev for Hooking.
15:43 of 3rd period - Ryan Getzlaf wins face-off versus Glen Metropolit in Wild zone.
16:46 of 3rd period - Thomas Vanek is hit by Rich Peverley and loses puck.
17:42 of 3rd period - Penalty to Alexei Kovalev is over, Alexei Kovalev is back on ice.
17:49 of 3rd period - Chris Kunitz is hit by Matt Moulson and loses puck.
17:53 of 3rd period - Icing by Brent Seabrook.
17:54 of 3rd period - Chris Drury wins face-off versus Boyd Devereaux in Capitals zone.
19:01 of 3rd period - Wrist shot by Nicklas Backstrom.
19:01 of 3rd period - Shot Blocked by Mark Eaton.
19:15 of 3rd period - Minor Penalty to Fredrik Modin for High sticking.
19:16 of 3rd period - Glen Metropolit wins face-off versus Miroslav Satan in Wild zone.
19:29 of 3rd period - Slapshot by Glen Metropolit.
19:29 of 3rd period - Stopped by Jaroslav Halak without a rebound.
19:30 of 3rd period - Nicklas Backstrom wins face-off versus Glen Metropolit in Capitals zone.
Goals for this period are 0 for Wild vs 3 for Capitals.
Shots for this period are 10 for Wild vs 19 for Capitals.
Output by the SimonT Hockey Simulator (STHS) for François Prévost -- Original Page W3C XHTML 1.0 Valid